 Dungeon Crawl Stone Soup version 0.26-b1-32-g5d43845318 (webtiles) character file.

Game seed: 6595966624216881128

2277 MajorAdolf the Cleaver (level 9, -3/76 HPs)
             Began as a Naga Wanderer on Jan 8, 2021.
             Was an Initiate of Gozag.
             Splashed by an orc warrior's acid (9 damage)
             ... on level 7 of the Dungeon.
             The game lasted 00:11:00 (8464 turns).

MajorAdolf the Cleaver (Naga Wanderer)              Turns: 8464, Time: 00:11:00

Health: -3/76      AC: 12    Str: 16    XL:     9   Next: 39%
Magic:  12/12      EV:  2    Int: 17    God:    Gozag
Gold:   341        SH:  0    Dex:  8    Spells: 12/12 levels left

rFire    . . .     SeeInvis +   C - +3 war axe (freeze) (curse)
rCold    + . .     Faith    .   (no shield)
rNeg     + . .     Spirit   .   r - +3 plate armour {rC+}
rPois    +         Reflect  .   x - +0 helmet
rElec    .         Harm     .   g - +0 cloak
rCorr    .         Rampage  .   l - +2 pair of gloves
Will     +....                  (no barding)
Stlth    ..........             (no amulet)
HPRegen  0.22/turn              p - ring of positive energy
MPRegen  0.13/turn              (no ring)

@: about to teleport, corroded, very slow
A: large, fangs 1, see invisible, deformed body, mutation resistance 1, poison
resistance, slowness 2, spit poison 1, AC +3
a: Spit Poison, Renounce Religion, Potion Petition, Call Merchant, Bribe Branch


You were on level 7 of the Dungeon.
You worshipped Gozag.
Gozag was aware of your devotion.
You visited 2 branches of the dungeon, and saw 8 of its levels.
You also visited: Sewer.

You collected 454 gold pieces.
You paid 113 gold pieces to Gozag.

Inventory:

Hand Weapons
 C - a cursed +3 war axe of freezing (weapon)
Missiles
 a - 10 bolts
 m - 27 poisoned darts
Armour
 g - a +0 cloak (worn)
 l - a +2 pair of gloves (worn)
 r - a +3 plate armour of cold resistance (worn)
 x - a +0 helmet (worn)
Jewellery
 h - an uncursed amulet of the acrobat
 p - a ring of positive energy (left hand)
 u - an uncursed ring of ice
Scrolls
 b - 2 scrolls of amnesia
 c - 2 scrolls of fog
 d - a scroll of identify
 e - a scroll of fear
 k - 4 scrolls of teleportation
 v - 2 scrolls of magic mapping
 w - 3 scrolls of remove curse
 y - a scroll of enchant weapon
Potions
 f - 6 potions of curing
 i - a potion of brilliance
 j - 3 potions of magic
 n - 5 potions of heal wounds
 o - 2 potions of haste
 q - a potion of attraction {unknown}
 s - a potion of berserk rage {unknown}
 t - 3 potions of degeneration {unknown}
 z - a potion of lignification
 A - 3 potions of might {unknown}
 B - a potion of flight {unknown}


   Skills:
 + Level 3.5 Fighting
 + Level 11.3 Axes
 - Level 1.0 Crossbows
 - Level 1.0 Throwing
 + Level 1.6 Armour
 - Level 1.5 Stealth
 - Level 2.0 Spellcasting
 - Level 2.0 Necromancy
 - Level 1.0 Translocations


You had 12 spell levels left.
You didn't know any spells.
Your spell library contained the following spells:

 Spells                   Type           Power        Failure   Level
 Animate Skeleton         Necr           16%          99%         1
 Pain                     Necr           32%          99%         1
 Sting                    Tmut/Pois      4%           100%        1
 Ignite Poison            Fire/Tmut/Pois 1%           100%        3
 Vampiric Draining        Necr           4%           100%        3
 Animate Dead             Necr           4%           100%        4
 Agony                    Necr           8%           100%        5


Dungeon Overview and Level Annotations

Branches:
Dungeon (7/15)             Temple (1/1) D:6           Sewer (visited)

Altars:
Ashenzari
Cheibriados
Dithmenos
Elyvilon
Gozag
Hepliaklqana
Kikubaaqudgha
Makhleb
Nemelex Xobeh
Okawaru
Qazlal
Ru
Sif Muna
Trog
Wu Jian
Xom
Yredelemnul
Zin


Innate Abilities, Weirdness & Mutations

You cannot wear boots.
Your serpentine skin is tough. (AC +3)
You have supernaturally acute eyesight. (SInv)
Armour fits poorly on your strangely shaped body.
Your system is resistant to poisons. (rPois)
You cover ground very slowly.
You can spit poison.
You have very sharp teeth.
You are somewhat resistant to further mutation.


Message History

You hit the orc warrior. You freeze the orc warrior.
The orc warrior is lightly wounded.
You hit the orc warrior but do no damage.
The orc warrior is lightly wounded.
The orc warrior zaps a wand.
The bolt of acid hits you!
You are splashed with acid!
* * * LOW HITPOINT WARNING * * *
You are too injured to fight recklessly!
You are too injured to fight recklessly!
Unknown command.
As you read the scroll of teleportation, it crumbles to dust.
You feel strangely unstable.
The orc warrior hits you with a +0 long sword!
* * * LOW HITPOINT WARNING * * *
Unknown command.
The orc warrior zaps a wand.
The bolt of acid hits you.
* * * LOW HITPOINT WARNING * * *
The acid corrodes you!
You are splashed with acid!
You die...
Your body crumbles into a pile of gold.

. .. #.# ....#
..##########.# ....#
#............# ....#
#............# ....#
#............# ....#
#............# ...
#............######.#####
#...............@.o.....#
#...........#######.....#
...)).......# .....#
#.).........# .....#
#.#######...# .....#
#>......+...+ .......
.########...# .....## .#
#...# ###### .# #...#


You could see an orc warrior.

Vanquished Creatures
  Eustachio (D:4)
  A black bear (D:4)
  A sky beast (D:6)
  3 centaurs (D:5)
  3 ogres
  4 bullfrogs
  2 scorpions
  5 wights (D:6)
  2 howler monkeys
  A bullfrog zombie (D:5)
  5 orc priests
  5 orc wizards
  4 worker ants
  2 gnolls (D:4)
  5 river rats (Sewer)
  18 adders
  A white imp (D:7)
  3 ufetubi
  4 oozes
  5 worms
  3 dart slugs
  3 leopard geckos
  15 orcs
  9 ball pythons
  7 giant cockroaches
  3 goblins
  13 hobgoblins
  3 jackals (D:3)
  3 quokkas
  6 bats
  10 frilled lizards
  8 kobolds
  A leopard gecko zombie (D:5)
  33 rats
192 creatures vanquished.

Notes
Turn   | Place    | Note
-------+----------+-------------------------------------------
     0 | D:1      | MajorAdolf the Naga Wanderer began the quest for the Orb.
     0 | D:1      | MajorAdolf set off with the following items: a +0 hand
                  | crossbow, 19 bolts, a +0 robe; and the following spells
                  | available to memorise: Animate Skeleton, Pain, Sting,
                  | Vampiric Draining, Ignite Poison, Animate Dead, Agony
     0 | D:1      | Reached XP level 1. HP: 18/18 MP: 3/3
   144 | D:1      | Reached XP level 2. HP: 26/26 MP: 5/5
   251 | D:1      | You fall into a shaft and drop 1 floor!
   285 | D:2      | Found an ancient bone altar of Kikubaaqudgha.
   378 | D:2      | Reached XP level 3. HP: 34/34 MP: 6/6
   982 | D:2      | Reached skill level 1 in Axes
  1374 | D:3      | Reached XP level 4. HP: 39/42 MP: 7/7
  1425 | D:3      | Reached skill level 2 in Axes
  1667 | D:3      | Found a stormy altar of Qazlal.
  2628 | D:3      | Reached skill level 3 in Axes
  2631 | D:3      | Reached XP level 5. HP: 23/49 MP: 8/8
  3237 | D:4      | Reached skill level 4 in Axes
  3293 | D:4      | Reached XP level 6. HP: 40/56 MP: 9/9
  3340 | D:4      | Reached skill level 5 in Axes
  3372 | D:4      | Found a glowing drain.
  3390 | Sewer    | Entered a sewer
  4090 | Sewer    | Reached skill level 6 in Axes
  4090 | Sewer    | Reached XP level 7. HP: 39/62 MP: 10/10
  4346 | D:4      | Found a sacrificial altar of Ru.
  4423 | D:4      | Reached skill level 7 in Axes
  4887 | D:4      | Found an iron altar of Okawaru.
  5167 | D:4      | Reached skill level 8 in Axes
  5398 | D:4      | Reached XP level 8. HP: 24/69 MP: 11/11
  5782 | D:5      | Entered Level 5 of the Dungeon
  6247 | D:5      | Reached skill level 9 in Axes
  6480 | D:5      | Noticed Eustachio
  6920 | D:5      | Reached skill level 10 in Axes
  7304 | D:4      | Killed Eustachio
  7314 | D:4      | Gained mutation: You are somewhat resistant to further
                  | mutation. [potion of mutation]
  7314 | D:4      | Gained mutation: You have very sharp teeth. [potion of
                  | mutation]
  7531 | D:6      | Found a staircase to the Ecumenical Temple.
  7563 | D:6      | Reached XP level 9. HP: 75/75 MP: 12/12
  7585 | Temple   | Entered the Ecumenical Temple
  7614 | D:6      | Reached skill level 11 in Axes
  7628 | Temple   | Became a worshipper of Gozag Ym Sagoz the Greedy
  7951 | D:6      | Found a basalt altar of Yredelemnul.
  8464 | D:7      | Splashed by an orc warrior's acid

Illustrated notes

Levels and vault maps discovered:
D:1:      ncdulo_halloftheorcs, layout_basic, serial_bayou_pond_b
D:2:      layout_rooms, old_standard_altar
D:3:      layout_loops_cross, marbit_many_paths
D:4:      black_bear_nest_1, layout_loops_ring, kennysheep_mini_moat,
          portal_sewer_entry_a, okawaru_altar_gauntlet_db
D:5:      layout_cave_pools, corexii_item_surrounded_by_moat, uniq_eustachio
D:6:      layout_rooms, nicolae_overflow_crystal_walls, minmay_temple_entry_grid
D:7:      layout_basic, lemuel_crystal_altar, basic_altar, uniq_joseph
Temple:   dshaligram_water_room_temple

Skill      XL: |  1  2  3  4  5  6  7  8  9 |
---------------+----------------------------+-----
Fighting       | 2 3 |  3.5
Axes           | 1 3 4 6 8 10 11 | 11.3
Crossbows      | |  1.0
Throwing       | |  1.0
Armour         | |  1.6
Stealth        | |  1.5
Spellcasting   | |  2.0
Necromancy     | |  2.0
Translocations | |  1.0

Action                   |  1- 3 |  4- 6 |  7- 9 || total
-------------------------+-------+-------+-------++-------
Melee: Hand axe          |    77 |   328 |   370 ||   775
       War axe           |       |       |    47 ||    47
       Bite              |       |       |     6 ||     6
 Fire: Hand crossbow     |    45 |       |       ||    45
 Abil: Spit Poison       |     1 |     9 |     5 ||    15
  Use: Scroll            |       |     7 |    11 ||    18
       Potion            |       |     1 |     3 ||     4
 Stab: Sleeping          |     1 |     1 |       ||     2
       Distracted        |     1 |       |     1 ||     2
Armor: Robe              |    29 |    30 |       ||    59
       Plate armour      |       |   226 |   351 ||   577
       Skin              |       |       |    62 ||    62
Dodge: Dodged            |    59 |    92 |    55 ||   206
